 Dungeon Crawl Stone Soup version 0.21-a0-584-g185da8e (webtiles) character file.

4447 Amnesiac the Transmogrifier (level 10, -5/103 HPs)
             Began as an Octopode Transmuter on Dec 20, 2017.
             Was a High Priest of Okawaru.
             Slain by Grum
             ... wielding a +0 halberd
              (12 damage)
             ... on level 9 of the Dungeon.
             The game lasted 00:12:09 (9911 turns).

Amnesiac the Transmogrifier (Octopode Transmuter)   Turns: 9911, Time: 00:12:09

Health: -5/103     AC: 25    Str: 11    XL:     10   Next: 37%
Magic:  12/16      EV:  2    Int: 15    God:    Okawaru [*****.]
Gold:   489        SH:  0    Dex: 20    Spells: 7/17 levels left

rFire    . . .     SeeInvis .     - Unarmed
rCold    + . .     Gourm    .   (no shield)
rNeg     + + +     Faith    +   (helmet currently unavailable)
rPois    +         Spirit   .   o - amulet of faith
rElec    .         Reflect  .   p - ring of protection from cold
rCorr    .         Harm     .   u - ring of protection from magic
MR       +....     NoTele   +   y - ring of poison resistance
Stlth    ++++......             (no ring)
HPRegen  0.27/turn              (no ring)
MPRegen  0.15/turn              (no ring)
                                (no ring)
                                (no ring)

@: agile, tree-form (expiring), heroism, very slightly contaminated, invisible
(expiring)
A: almost no armour, stealthy swim, (amphibious), 8 rings, (constrict 8)
a: Heroism, Finesse, Renounce Religion


You were on level 9 of the Dungeon.
You worshipped Okawaru.
Okawaru was extremely pleased with you.
You were hungry.
You were a tree.
You visited 2 branches of the dungeon, and saw 10 of its levels.

You collected 489 gold pieces.

Inventory:

Hand Weapons
 z - the +8 rapier of Siha Bakk {pierce, Int+3}
   (You found it on level 4 of the Dungeon)

   It inflicts extra damage upon your enemies.
   It affects your intelligence (+3).
 H - the +9 glaive of the Pariah {flame, +Inv rF+ Str+3}
   (Okawaru gifted it to you on level 9 of the Dungeon)

   It has been specially enchanted to burn those struck by it, causing extra
   injury to most foes and up to half again as much damage against particularly
   susceptible opponents.
   Big, fiery blades are also staple armaments of hydra-hunters.
   It affects your strength (+3).
   It protects you from fire.
   It lets you turn invisible.
Missiles
 a - 267 arrows
 n - 32 poisoned needles
 B - 4 needles of sleeping
 E - 8 needles of confusion
Jewellery
 o - an amulet of faith (around neck)
 p - a ring of protection from cold (left branch)
 u - a ring of protection from magic (right branch)
 y - a ring of poison resistance (on tentacle)
Wands
 b - a wand of enslavement (3)
 v - a wand of flame (34)
 C - a wand of digging (17)
 G - a wand of iceblast (6)
Scrolls
 f - 3 scrolls of noise {!r, unknown}
 g - 7 scrolls of remove curse {!r}
 h - a scroll of magic mapping {!r, unknown}
 j - 4 scrolls of enchant armour {!r}
 r - 2 scrolls of blinking {!r}
 t - a scroll of fog {!r}
 w - 2 scrolls of enchant weapon {!r}
 x - 2 scrolls of teleportation {!r}
 I - a scroll of identify {!r}
Potions
 d - a potion of berserk rage {!q}
 e - a potion of might {!q}
 i - a potion of invisibility {!q}
 m - a potion of ambrosia {!q, unknown}
 q - 3 potions of flight {!q}
 A - a potion of brilliance {!q}
 D - a potion of mutation {!q, unknown}
Books
 F - a book of Changes

   Spells                             Type                      Level
   a - Beastly Appendage              Transmutation                1
   b - Sticks to Snakes               Transmutation                2
   c - Spider Form                    Transmutation/Poison         3
   d - Ice Form                       Ice/Transmutation            4
   e - Blade Hands                    Transmutation                5
Comestibles
 c - 9 rations
 J - 9 chunks of flesh


   Skills:
 * Level 6.9(11.9) Fighting
 * Level 7.0(12.0) Dodging
 * Level 6.9(11.9) Unarmed Combat
 - Level 4.0 Spellcasting
 - Level 8.0 Transmutations
 + Level 3.8 Invocations


You had 7 spell levels left.
You knew the following spells:

 Your Spells              Type           Power        Failure   Level  Hunger
a - Beastly Appendage     Tmut           ####..       1%          1    None
b - Sticks to Snakes      Tmut           ####....     1%          2    ##.....
c - Ice Form              Ice/Tmut       ###.....     34%         4    ####...
e - Spider Form           Tmut/Pois      ###.......   11%         3    ###....


Dungeon Overview and Level Annotations

Branches:
Dungeon (9/15)             Temple (1/1) D:4
   Lair: D:8-11         Orc: D:9-12

Altars:
Ashenzari
Cheibriados
Dithmenos
Elyvilon
Fedhas
Gozag
Hepliaklqana
Kikubaaqudgha
Makhleb
Nemelex Xobeh
Okawaru
Qazlal
Ru
Sif Muna
Trog
Uskayaw
Vehumet
Wu Jian
Xom
Yredelemnul
Zin
The Shining One

Annotations:
D:9 Grum


Innate Abilities, Weirdness & Mutations

You cannot wear most types of armour.
You are very stealthy in the water. (Stealth+)
((You are amphibious.))
You can wear up to eight rings at the same time.
((You can use your tentacles to constrict eight enemies at once.))
((Your skin changes colour to match your surroundings (Stealth+).))
((Your rubbery body absorbs attacks. (AC +1, EV +1)))


Message History

You barely miss the killer bee.
The killer bee is heavily wounded.
The killer bee stings you but does no damage. x3
You gain the combat prowess of a mighty hero.
Your transformation is almost over.
The killer bee stings you but does no damage. x4
The killer bee stings you.
* * * LOW HITPOINT WARNING * * *
Really quaff
k - 2 potions of curing {!q}?
You feel better.
The killer bee stings you but does no damage. x6
Really quaff
k - a potion of curing {!q}?
You feel better. The wolf bites you but does no damage.
The killer bee barely misses you. x2; The killer bee stings you.
* * * LOW HITPOINT WARNING * * *
The wolf bites you but does no damage.
The killer bee stings you but does no damage. x3
Really read
g - 8 scrolls labeled XISUHO DYZXIOC {!r}?
As you read the scroll labeled XISUHO DYZXIOC {!r}, it crumbles to dust.
You feel blessed for a moment.
It was a scroll of remove curse {!r}.
The killer bee stings you but does no damage.
The killer bee barely misses you. The wolf bites you.
* * * LOW HITPOINT WARNING * * *
The killer bee stings you but does no damage. x4
The wolf bites you but does no damage.
Really read
j - 5 scrolls labeled COYHUD DAMEFAI {!r}?
As you read the scroll labeled COYHUD DAMEFAI {!r}, it crumbles to dust.
It is a scroll of enchant armour.
You aren't carrying any armour which can be enchanted further.
The killer bee stings you but does no damage. x3
The wolf bites you.
* * * LOW HITPOINT WARNING * * *
The killer bee stings you but does no damage. x3
Unknown command.
You smack the wolf!
The wolf is severely wounded.
The wolf completely misses you.
The killer bee stings you but does no damage. x3
The wolf bites you but does no damage.
You pummel the wolf!!
You kill the wolf!
Okawaru accepts your kill.
You flicker for a moment.
The killer bee stings you but does no damage.
The killer bee stings you.
* * * LOW HITPOINT WARNING * * *
The killer bee stings you but does no damage.
Really quaff
s - a potion of agility {!q}?
You feel agile all of a sudden.
The killer bee stings you but does no damage. x4
The killer bee barely misses you.
The killer bee stings you but does no damage. x3
Grum growls angrily.
You smack the killer bee!
The killer bee is heavily wounded.
The killer bee stings you but does no damage. x2
Okay, then.
You catch the helpless killer bee completely off-guard!
You pummel the killer bee!!
You kill the killer bee!
Okawaru accepts your kill.
The killer bee stings you but does no damage. x2
Grum hits you from afar with a halberd!
You die...

#.....#.........#.........#....
#.....#.........#.........#####
#.....#.........#.........#....
#.....'.........#.........#....
#.....#.........#.........'....
#.....#.........#.........#....
#.....#...l...l.#.........#....
##############†##.#####'###....
#......#.....#♣y..#.......#....
#......#.....#y...#.......#....
#......#.....g<...#.......#....
#......#.....#y...#.......#....
#......#[....##########'###....
#...............#....#....#....
#...............#....#....#....
#...............#....#....#....
#...............#....#....#....


You could see Grum, an iguana and 3 killer bees.

Vanquished Creatures
  A centaur warrior (D:9)
  Maurice (D:8)
  A yak (D:8)
  A hungry ghost (D:8)
  An orc warrior (D:6)
  A phantom (D:5)
  2 ice beasts
  2 ogres
  3 wolves
  5 centaurs
  9 bullfrogs
  A scorpion (D:8)
  3 killer bees (D:9)
  6 howler monkeys
  2 crimson imps (D:7)
  4 hounds
  An orc priest (D:7)
  3 jellies
  7 orc wizards
  A centaur skeleton (D:5)
  2 iguanas
  4 worker ants
  A hound skeleton (D:4)
  A howler monkey zombie (D:7)
  3 gnolls (D:9)
  9 adders
  A shadow imp (D:7)
  5 oozes
  An adder zombie (D:8)
  An adder skeleton (D:5)
  3 worms
  2 dart slugs (D:1)
  11 leopard geckos
  24 orcs
  6 bats
  4 giant cockroaches
  11 goblins
  5 hobgoblins
  10 jackals
  7 quokkas
  A ball python (D:1)
  2 frilled lizards (D:3)
  4 kobolds
  A leopard gecko skeleton (D:7)
  A quokka zombie (D:5)
  3 rats
178 creatures vanquished.

Notes
Turn   | Place    | Note
-------+----------+-------------------------------------------
     0 | D:1      | Amnesiac the Octopode Transmuter began the quest for the Orb.
     0 | D:1      | Reached XP level 1. HP: 13/13 MP: 3/3
    37 | D:1      | Reached XP level 2. HP: 12/19 MP: 5/5
   445 | D:1      | Learned a level 2 spell: Sticks to Snakes
   494 | D:1      | Reached XP level 3. HP: 19/25 MP: 6/6
   904 | D:2      | Learned a level 3 spell: Spider Form
  1006 | D:2      | Found an ancient bone altar of Kikubaaqudgha.
  1217 | D:2      | Reached XP level 4. HP: 24/33 MP: 7/7
  1915 | D:3      | Reached XP level 5. HP: 30/37 MP: 8/8
  2076 | D:3      | Found a shadowy altar of Dithmenos.
  2925 | D:4      | Found a staircase to the Ecumenical Temple.
  2944 | Temple   | Entered the Ecumenical Temple
  3105 | Temple   | Became a worshipper of Warmaster Okawaru
  3317 | D:4      | Reached XP level 6. HP: 41/43 MP: 9/9
  3521 | D:4      | Got a steaming rapier
  3636 | D:4      | Identified the +8 rapier of Siha Bakk {pierce, Int+3} (You found it on level 4 of the Dungeon)
  3667 | D:5      | Entered Level 5 of the Dungeon
  4259 | D:5      | Reached * piety under Okawaru
  4259 | D:5      | Reached skill level 3 in Transmutations
  4279 | D:5      | Reached XP level 7. HP: 34/48 MP: 11/11
  4510 | D:5      | Reached skill level 4 in Transmutations
  4810 | D:5      | Found a stormy altar of Qazlal.
  5003 | D:6      | Found a sacrificial altar of Ru.
  5094 | D:6      | Reached ** piety under Okawaru
  5110 | D:6      | Reached skill level 5 in Transmutations
  5233 | D:6      | Reached XP level 8. HP: 40/54 MP: 14/14
  5782 | D:7      | Reached skill level 6 in Transmutations
  5898 | D:7      | Found a deep blue altar of Sif Muna.
  6015 | D:7      | Reached skill level 7 in Transmutations
  6057 | D:7      | Reached *** piety under Okawaru
  6178 | D:7      | Found an ornate altar of the Wu Jian Council.
  7176 | D:7      | Reached skill level 8 in Transmutations
  7176 | D:7      | Reached XP level 9. HP: 54/59 MP: 11/15
  7484 | D:8      | Reached skill level 1 in Invocations
  7502 | D:8      | Reached skill level 5 in Dodging
  7548 | D:8      | Reached skill level 5 in Fighting
  7553 | D:8      | Reached **** piety under Okawaru
  7553 | D:8      | Reached skill level 5 in Unarmed Combat
  7872 | D:8      | Found a sparkling altar of Nemelex Xobeh.
  8104 | D:8      | Noticed Maurice
  8153 | D:8      | Killed Maurice
  8832 | D:9      | Noticed Grum
  8832 | D:9      | Noticed a two-headed ogre
  8979 | D:9      | Noticed a centaur warrior
  8997 | D:9      | Killed a centaur warrior
  8997 | D:9      | Reached ***** piety under Okawaru
  8997 | D:9      | Reached XP level 10. HP: 63/69 MP: 11/16
  9341 | D:9      | Received a gift from Okawaru
  9352 | D:9      | Got an ichor-stained glaive {god gift}
  9353 | D:9      | Identified the +9 glaive of the Pariah {flame, +Inv rF+ Str+3} (Okawaru gifted it to you on level 9 of the Dungeon)
  9638 | D:9      | Learned a level 4 spell: Ice Form
  9902 | D:9      | HP: 4/103 [killer bee (6)]
  9911 | D:9      | Slain by Grum

Vault maps used:
D:1:      scummos_arrival_star
D:2:      kiku_gazebo_garden_becter
D:3:      grunt_dithmenos_smoke_and_mirrors, first_ration, serial_bayou_lagoon_b
D:4:      minmay_temple_entry_grid
D:5:      lemuel_coloured_pillars_altar
D:6:      basic_altar, grunt_ministairs_11, grunt_decor_cap
D:7:      old_standard_altar, nicolae_overflow_crystal_walls
D:8:      nemelex_altar_shiori, uniq_maurice
D:9:      uniq_grum
Temple:   eino_temple_scatter_basement

Skill      XL: |  1  2  3  4  5  6  7  8  9 10 |
---------------+-------------------------------+-----
Fighting       | 2 3 4 6 |  6.9
Unarmed Combat | 4 6 |  6.9
Dodging        | 3 4 6 7 |  7.0
Transmutations | 3 5 8 |  8.0
Spellcasting   | 3 4 |  4.0
Invocations    | 3 |  3.8

Action                   |  1- 3 |  4- 6 |  7- 9 | 10-12 || total
-------------------------+-------+-------+-------+-------++-------
Melee: Unarmed           |    90 |   114 |    89 |    71 ||   364
       Constrict         |    26 |    36 |    25 |     3 ||    90
       Tentacles         |    18 |    31 |    27 |     1 ||    77
       Punch             |     1 |     3 |     3 |       ||     7
       Rapier            |       |    32 |   134 |       ||   166
 Cast: Spider Form       |       |     1 |    15 |     4 ||    20
       Ice Form          |       |       |       |     2 ||     2
Invok: Heroism           |       |       |       |     1 ||     1
  Use: Scroll            |       |       |    14 |     2 ||    16
       Potion            |       |       |     2 |     6 ||     8
 Stab: Sleeping          |     4 |    13 |     7 |     2 ||    26
       Distracted        |       |     2 |       |       ||     2
       Invisible         |       |       |       |     1 ||     1
  Eat: Chunk             |     1 |    10 |    16 |     2 ||    29
       Ration            |       |       |     1 |       ||     1
Armor: Skin              |     8 |     5 |    22 |    82 ||   117
Dodge: Dodged            |    44 |    69 |   205 |    67 ||   385

Table legend:
 A = Spawn XP
 B = Non-spawn XP
 C = Spawn XP percentage of total XP
 D = Spawn monster count
 E = Non-spawn monster count
 F = Spawn count percentage of total count
 G = Total turns spent on level
                    A         B        C        D         E        F      G
               +---------+---------+-------+---------+---------+-------+---------
         Total |       0 |    6353 |   0.0 |       0 |     178 |   0.0 |  9911
               +---------+---------+-------+---------+---------+-------+---------
           D:1 |       0 |      56 |   0.0 |       0 |      22 |   0.0 |   899
           D:2 |       0 |      40 |   0.0 |       0 |      15 |   0.0 |   688
           D:3 |       0 |     160 |   0.0 |       0 |      26 |   0.0 |  1226
           D:4 |       0 |      71 |   0.0 |       0 |      10 |   0.0 |  1048
           D:5 |       0 |     675 |   0.0 |       0 |      27 |   0.0 |   876
           D:6 |       0 |     334 |   0.0 |       0 |      17 |   0.0 |   850
           D:7 |       0 |    1079 |   0.0 |       0 |      19 |   0.0 |  1632
           D:8 |       0 |    2005 |   0.0 |       0 |      21 |   0.0 |  1340
           D:9 |       0 |    1933 |   0.0 |       0 |      21 |   0.0 |  1177
               +---------+---------+-------+---------+---------+-------+---------
